 Dungeon Crawl Stone Soup version 0.30-a0-585-g93115170b9 (webtiles) character file.

Game seed: 17928550820413034362

65 HyperVT the Conjurer (level 4, -4/24 (26) HPs)
             Began as a Tengu Reaver on Jan 2, 2023.
             Succumbed to their own poison gas
             ... on level 2 of the Dungeon.
             The game lasted 00:07:08 (1250 turns).

HyperVT the Conjurer (Tengu Reaver)                 Turns: 1250, Time: 00:07:09

HP:   -4/24 (26)    AC:  5    Str: 14    XL:     4   Next: 13%
MP:   8/8           EV: 11    Int: 13    God:
Gold: 144           SH:  0    Dex: 13    Spells: 6/7 levels left

rFire   . . .      SeeInvis .    a - +0 spear
rCold   . . .      Faith    .    (no shield)
rNeg    . . .      Spirit   .    e - +0 ring mail
rPois   .          Reflect  .    (helmet restricted)
rElec   .          Harm     .    (no cloak)
rCorr   .          Rampage  .    (no gloves)
Will    .....                    (boots unavailable)
Stlth   +                        h - amulet of regeneration
HPRegen 1.04/turn                (no ring)
MPRegen 0.11/turn                (no ring)

@: lethally poisoned (-4 -> -19), drained
A: beak, talons 3
a: no special abilities


You were on level 2 of the Dungeon.
You visited 1 branch of the dungeon, and saw 2 of its levels.

You collected 144 gold pieces.

Inventory:

Hand Weapons
 a - a +0 spear (weapon)
Armour
 b - a +0 leather armour
 e - a +0 ring mail (worn)
Jewellery
 h - an amulet of regeneration (around neck)


   Skills:
 + Level 2.2 Fighting
 + Level 4.3 Polearms
 + Level 0.7 Armour
 + Level 2.2 Dodging
 + Level 0.7 Stealth
 + Level 2.2 Spellcasting
 + Level 4.6 Conjurations


You had 6 spell levels left.
You knew the following spells:

 Your Spells              Type           Power      Damage    Failure   Level
a - Kiss of Death         Conj/Necr      28%        2d7       21%         1

Your spell library contained the following spells:

 Spells                   Type           Power      Damage    Failure   Level
 Momentum Strike          Conj/Tloc      14%        3d8       30%         2
 Hailstorm                Conj/Ice       7%         3d4       52%         3


Dungeon Overview and Level Annotations

Branches:
Dungeon (2/15)

Altars:


Innate Abilities, Weirdness & Mutations

You have a beak for a mouth.
You have claws for feet.


Message History

You kill the adder!
You have reached level 4!
You feel agile.
Unknown command.
You start putting on your amulet.
You continue putting on your amulet of regeneration. x5
You finish putting on your amulet of regeneration.
The amulet cannot attune itself to your injured body.
h - an amulet of regeneration (around neck)
You start resting.
HP restored.
Your amulet attunes itself to your body as you begin to regenerate more quickly.
The air fills with toxic fumes!
As you read the scroll labelled GISE ZEOHIGAV, it crumbles to dust.
It was a scroll of poison.
As you read the scroll labelled NOTZALI AMEG, it crumbles to dust.
Your body is wracked with pain!
It was a scroll of torment.
Really walk into that cloud of poison gas? [Y]es or [N]o only, please.
Really walk into that cloud of poison gas?
You are engulfed in poison gas.
You are poisoned.
* * * LOW HITPOINT WARNING * * *
x2 You feel very sick.
You feel better.
You are engulfed in poison gas.
You are lethally poisoned!
* * * LOW HITPOINT WARNING * * *
x2 You feel very sick.
You feel much better.
You are engulfed in poison gas.
You are lethally poisoned!
* * * LOW HITPOINT WARNING * * *
You feel extremely sick.
* * * LOW HITPOINT WARNING * * *
You feel extremely sick.
You see here 4 javelins.
There is a lethal amount of poison in your body!
There is a lethal amount of poison in your body!
There is a lethal amount of poison in your body!
There is a lethal amount of poison in your body!
You die...

#.#################
#.##..............#
#.##..####§#.####.#
#.....####§#.####.#
........#.>.##..§§......#
##.##........).#☼#......#
##...#..####§#.#.##.#
##.##§§####§#.#.##.#
#.##§§§§§@§#...##.#
#.##☼§☼§☼☼§§§####.#
#+########§☼☼§§☼§.#
###§###### #§# ..# ...#
..... ##...#


There were no monsters in sight!

Vanquished Creatures
  An adder (D:2)
  A dart slug (D:1)
  7 ball pythons
  4 endoplasms (D:1)
  6 giant cockroaches
  4 goblins (D:1)
  6 hobgoblins
  3 jackals (D:1)
  5 kobolds
  A quokka (D:1)
  2 bats (D:1)
  A frilled lizard (D:1)
  3 rats
44 creatures vanquished.

Notes
Turn   | Place    | Note
-------+----------+-------------------------------------------
     0 | D:1      | HyperVT the Tengu Reaver began the quest for the Orb.
     0 | D:1      | Reached XP level 1. HP: 12/12 MP: 4/4
   123 | D:1      | Reached XP level 2. HP: 17/17 MP: 6/6
   426 | D:1      | Reached XP level 3. HP: 21/21 MP: 7/7
  1199 | D:2      | Reached XP level 4. HP: 13/24 MP: 8/8
  1246 | D:2      | HP: 1/24 [poisoned by you (poison gas)]
  1250 | D:2      | Succumbed to their own poison gas

Illustrated notes

Levels and vault maps discovered:
D:1:      minmay_arrival_cross, layout_loops_cross, hex_large,
          kennysheep_another_room, hangedman_abyss_or_decor_lesser_grid,
          minmay_vboxes
D:2:      layout_loops_corners, minmay_goblin_kobold_house

Skill      XL: |  1  2  3 |
---------------+----------+-----
Polearms       | 4 |  4.3
Fighting       | |  2.2
Armour         | |  0.7
Dodging        | |  2.2
Stealth        | |  0.7
Spellcasting   | |  2.2
Conjurations   | |  4.6

Action                   |  1- 3 |  4- 6 || total
-------------------------+-------+-------++-------
Melee: Spear             |   113 |       ||   113
       Kick              |    19 |       ||    19
       Peck              |    15 |       ||    15
 Cast: Kiss of Death     |     1 |       ||     1
  Use: Potion            |     3 |     2 ||     5
       Scroll            |     1 |     2 ||     3
 Stab: Sleeping          |     4 |       ||     4
Armor: Leather armour    |    16 |       ||    16
       Ring mail         |     1 |       ||     1
Dodge: Dodged            |    59 |       ||    59

Table legend: (Time is in decaauts)
 A = Elapsed time spent in this place.
 B = Non-inter-level travel time spent in this place.
 C = Inter-level travel time spent in this place.
 D = Time resting spent in this place.
 E = Time spent auto-exploring this place.
 F = Levels seen in this place.
 G = Mean time per level.
                   A        B        C        D        E       F      G
               +--------+--------+--------+--------+--------+-----+--------+
         Total |   1239 |   1205 |     34 |     93 |    870 |   2 |  619.5 |
       Dungeon |   1239 |   1205 |     34 |     93 |    870 |   2 |  619.5 |
               +--------+--------+--------+--------+--------+-----+--------+

Top non-repeatable levels by time:
     D:1: 914 daAuts
     D:2: 325 daAuts
